[Event "Team 45 45 League T52"]
[Site "Internet Chess Club"]
[Date "2012.03.05"]
[Round "3"]
[White "Whalen"]
[Black "Warpdrive"]
[Result "0-1"]
[WhiteElo "1657"]
[BlackElo "1681"]
[Opening "QGD: 4.Nf3"]
[ECO "D37"]
[Time "14:00:20"]
[TimeControl "2700+45"]

1. d4 d5 2. c4 Nf6 3. Nc3 e6 4. Nf3 dxc4 5. Bg5 Be7 6. e3 Nbd7 7. Bxc4 a6 8. O-O
b5 9. Bb3 Bb7 10. Rc1 h6 11. Bf4 g5 12. Bxc7 Qc8 13. d5 Nc5 14. dxe6 Nxb3 15.
exf7+ Kf8 16. Qxb3 Bxf3 17. gxf3 Qxc7 18. Nd5 Qe5 19. Nc7 Bd6 20. f4 gxf4 21.
Ne6+ Kxf7 22. Nxf4+ Ke8 23. Kh1 Nh5 24. Rg1 Qe4+ 25. Rg2 Nxf4 26. exf4 Kf8 27.
Qc3 Rg8 28. f3 Qxf4 29. Rxg8+ Kxg8 30. Rg1+ Kf7 31. Qg7+ Ke6 32. Rf1 Qxh2#
{White checkmated} 0-1

[Event "Team 45 45 League T52"]
[Site "Internet Chess Club"]
[Date "2012.03.01"]
[Round "3"]
[White "eagle"]
[Black "chesschessboy"]
[Result "1-0"]
[WhiteElo "1507"]
[BlackElo "1372"]
[Opening "Scotch game"]
[ECO "C45"]
[Time "20:03:46"]
[TimeControl "2700+45"]

1. e4 e5 2. Nf3 Nc6 3. d4 exd4 4. Nxd4 Bc5 5. Be3 Bb6 6. Nc3 Nf6 7. Bc4 Nxe4 8.
Nxe4 d5 9. Bb5 Bxd4 10. Qxd4 dxe4 11. Qxe4+ Be6 12. Bxc6+ bxc6 13. Qxc6+ Bd7 14.
Qc3 O-O 15. O-O-O c6 16. Qd4 Be6 17. Qa4 Qc7 18. Bc5 Rfb8 19. Bd6 Qb6 20. Bxb8
Rxb8 21. b3 Qxf2 22. Qxc6 h6 23. Qc7 Rc8 24. Rd8+ Rxd8 25. Qxd8+ Kh7 26. Qd2 Qc5
27. Rf1 a5 28. Qd3+ g6 29. Rd1 a4 30. Qd4 Qc6 31. Qxa4 Qxg2 32. Rd2 Qf1+ 33. Kb2
Qf6+ 34. Qd4 Qg5 35. a4 Qa5 36. Qc3 f5 37. Qxa5 f4 38. Rf2 g5 39. Qc7+ Kg6 40.
a5 Kf5 41. a6 Bd5 42. Qc5 Ke4 43. a7 g4 44. Re2+ Kf3 45. Qxd5+ Kxe2 46. a8=Q f3
47. Qe8+ Kf2 48. Qd2+ Kf1 49. Qee1# {Black checkmated} 1-0

[Event "Team 45 45 League T52"]
[Site "Internet Chess Club"]
[Date "2012.03.05"]
[Round "3"]
[White "joshq03"]
[Black "seattleblues"]
[Result "1-0"]
[WhiteElo "1450"]
[BlackElo "1463"]
[Opening "Caro-Kann: advance variation"]
[ECO "B12"]
[Time "20:33:51"]
[TimeControl "2700+45"]

1. e4 c6 2. d4 d5 3. e5 Bf5 4. Nf3 e6 5. Nc3 c5 6. Be3 Nc6 7. Be2 Nge7 8. Nh4
cxd4 9. Bxd4 Nxd4 10. Qxd4 Bxc2 11. O-O Nc6 12. Qd2 Qxh4 13. Qxc2 a6 14. Rad1
Nxe5 15. f4 Ng4 16. h3 Ne3 17. Qa4+ Kd8 18. Qa5+ Kc8 19. Rc1 Nc4 20. Bxc4 dxc4
21. Na4 Be7 22. Rxc4+ Kb8 23. Nb6 Ra7 24. Qe5+ Bd6 25. Qxd6# {Black checkmated}
1-0

[Event "Team 45 45 League T52"]
[Site "Internet Chess Club"]
[Date "2012.03.04"]
[Round "3"]
[White "obaut"]
[Black "papricka205"]
[Result "0-1"]
[WhiteElo "1337"]
[BlackElo "1459"]
[Opening "Giuoco Piano"]
[ECO "C54"]
[Time "10:00:11"]
[TimeControl "2700+45"]

1. e4 e5 2. Nf3 Nc6 3. Bc4 Bc5 4. c3 Nf6 5. d4 exd4 6. cxd4 Bb4+ 7. Bd2 Bxd2+ 8.
Nbxd2 O-O 9. O-O d5 10. exd5 Nxd5 11. Re1 Nb6 12. Qc2 Nxd4 13. Nxd4 Qxd4 14. Qc3
Qxc3 15. bxc3 Nxc4 16. Nxc4 Be6 17. Ne5 Rad8 18. Rab1 f6 19. Nf3 Bd5 20. Nd4
Rfe8 21. h3 Rxe1+ 22. Rxe1 Bxa2 23. Ra1 c5 24. Ne6 Bxe6 {White resigns} 0-1

[Event "Team 45 45 League T52"]
[Site "Internet Chess Club"]
[Date "2012.03.03"]
[Round "3"]
[White "tornado100"]
[Black "Check101"]
[Result "1-0"]
[WhiteElo "1264"]
[BlackElo "1369"]
[Opening "Bishop's opening: Berlin defense"]
[ECO "C24"]
[Time "16:00:58"]
[TimeControl "2700+45"]

1. e4 e5 2. Bc4 Nf6 3. d3 c6 4. Nf3 d5 5. exd5 cxd5 6. Bb5+ Bd7 7. Bxd7+ Nbxd7
8. Nc3 Bc5 9. O-O O-O 10. Bg5 e4 11. dxe4 dxe4 12. Nd4 h6 13. Bh4 Re8 14. Re1 g5
15. Bg3 a6 16. Na4 Ba7 17. Nf5 h5 18. Bd6 Qa5 19. Ne7+ Rxe7 20. Bxe7 Qxa4 21. c3
Qc6 22. Qd6 Qb5 23. Bxf6 Bxf2+ 24. Kxf2 Qf5+ 25. Kg1 Nxf6 26. Rf1 Qxf1+ 27. Rxf1
Ng4 28. h3 Ne3 29. Re1 Nc4 30. Qb4 Nd2 31. Qxb7 Re8 32. Qd7 {Black resigns} 1-0

[Event "Team 45 45 League T52"]
[Site "Internet Chess Club"]
[Date "2012.03.04"]
[Round "3"]
[White "doublepar"]
[Black "Salvatore"]
[Result "1-0"]
[WhiteElo "1574"]
[BlackElo "1512"]
[Opening "Sicilian: Nimzovich-Rossolimo attack (with ...g6, without ...d6)"]
[ECO "B31"]
[Time "18:02:19"]
[TimeControl "2700+45"]

1. e4 c5 2. Nf3 Nc6 3. Bb5 g6 4. O-O Bg7 5. c3 Nf6 6. Re1 O-O 7. e5 Nd5 8. d4
cxd4 9. cxd4 a6 10. Bc4 Nb6 11. Bb3 d5 12. exd6 Qxd6 13. Nc3 Nxd4 14. Nxd4 Qxd4
15. Qxd4 Bxd4 16. Rxe7 Bd7 17. Nd5 Bc6 18. Nxb6 Bxb6 19. Bh6 Bd4 20. Bxf8 Rxf8
21. Re2 Bb5 22. Rd2 Bb6 23. Bd5 Ba5 24. Rc2 Rb8 25. Rac1 Bd7 26. a3 Kg7 27. b4
Bb6 28. g3 Bf5 29. Re2 Bd4 30. Rc7 Rf8 31. Bxb7 Kh6 32. Bxa6 Rd8 33. Rxf7 Bh3
34. Ree7 Bg7 35. Be2 Rc8 36. Rc7 Re8 37. Rxg7 Rxe2 38. Rxh7+ Kg5 39. Rxh3 Re1+
40. Kg2 Re2 41. b5 Ra2 42. Ra7 Rb2 43. a4 {Black resigns} 1-0

[Event "Team 45 45 League T52"]
[Site "Internet Chess Club"]
[Date "2012.03.02"]
[Round "3"]
[White "Lee-D"]
[Black "oldprez"]
[Result "1-0"]
[WhiteElo "1461"]
[BlackElo "1481"]
[Opening "Réti: King's Indian attack"]
[ECO "A05"]
[Time "20:12:36"]
[TimeControl "2700+45"]

1. Nf3 Nf6 2. g3 g6 3. Bg2 Bg7 4. O-O O-O 5. d3 d6 6. Nbd2 Nbd7 7. e4 c5 8. c3
b5 9. Re1 Bb7 10. e5 dxe5 11. Nxe5 Bxg2 12. Kxg2 Nxe5 13. Rxe5 Qd6 14. Re3 Ng4
15. Qxg4 f5 16. Qe2 f4 17. Rxe7 Qc6+ 18. Nf3 Rfe8 19. Bxf4 Rxe7 20. Qxe7 b4 21.
Re1 bxc3 22. bxc3 Bxc3 23. Qe6+ Qxe6 24. Rxe6 Rd8 25. Ne5 Bxe5 26. Bxe5 Rxd3 27.
Rc6 Rd5 28. Bb8 a5 29. a4 Rd4 30. Rxc5 Rxa4 31. Bc7 Kf7 32. Bxa5 Ke6 33. Bc3 Kd6
34. Rc8 Ra3 35. Bg7 Ra5 36. g4 h5 37. gxh5 gxh5 38. Bh6 Rf5 39. h4 Rf6 40. Bg5
Re6 41. Rh8 Re4 42. Rxh5 Ke6 43. Kg3 Kf7 44. Bf4 Kg6 45. Rg5+ Kh7 46. h5 Ra4 47.
Kg4 Ra2 48. f3 Rg2+ 49. Bg3 Ra2 50. f4 Ra4 51. Re5 Ra7 52. Bh4 Ra1 53. Re7+ Kg8
54. Re8+ Kf7 55. Re7+ Kg8 56. h6 Rg1+ 57. Kf5 Rh1 58. Bg5 Kf8 59. Ra7 Kg8 60.
Kg6 {Black resigns} 1-0

[Event "Team 45 45 League T52"]
[Site "Internet Chess Club"]
[Date "2012.03.05"]
[Round "3"]
[White "radiohead"]
[Black "milesotoole"]
[Result "0-1"]
[WhiteElo "1435"]
[BlackElo "1534"]
[Opening "Sicilian: dragon, Yugoslav attack, Rauser variation"]
[ECO "B76"]
[Time "21:23:38"]
[TimeControl "2700+45"]

1. e4 c5 2. Nf3 d6 3. d4 cxd4 4. Nxd4 Nf6 5. Nc3 g6 6. f3 Bg7 7. Be3 Nc6 8. Qd2
O-O 9. O-O-O d5 10. exd5 Nxd5 11. Nxc6 bxc6 12. Bd4 e5 13. Bc5 Re8 14. Nxd5 cxd5
15. Qxd5 Qxd5 16. Rxd5 Be6 17. Rd1 Bxa2 18. Bd3 Bh6+ 19. Rd2 Bxd2+ 20. Kxd2 a5
21. h4 Rec8 22. Be3 Be6 23. Bh6 Bf5 24. g4 Bxd3 25. Kxd3 f6 26. Rh2 Kf7 27. b3
Ke6 28. Re2 Rc6 29. f4 Rd8+ 30. Ke3 Rc3+ 31. Kf2 Rdc8 32. fxe5 fxe5 33. Bg7 Rxc2
34. Kf1 Rxe2 35. Kxe2 Rb8 36. Bh6 Rxb3 {White resigns} 0-1

[Event "Team 45 45 League T52"]
[Site "Internet Chess Club"]
[Date "2012.03.04"]
[Round "3"]
[White "Iowa-Archer"]
[Black "IanT"]
[Result "0-1"]
[WhiteElo "1291"]
[BlackElo "1460"]
[Opening "Nimzo-Indian: Spielmann variation"]
[ECO "E22"]
[Time "07:32:10"]
[TimeControl "2700+45"]

1. d4 Nf6 2. c4 e6 3. Nc3 Bb4 4. Qb3 Bxc3+ 5. Qxc3 d5 6. Nf3 O-O 7. Bf4 Nbd7 8.
e3 c5 9. Bd3 Qe7 10. dxc5 Nxc5 11. Qa3 Nxd3+ 12. Ke2 Nxf4+ 13. exf4 Qxa3 14.
bxa3 dxc4 15. Rac1 b5 16. a4 bxa4 17. Rxc4 Ba6 18. Rc1 Bxc4+ 19. Rxc4 Nd5 20.
Kd3 Rfd8 21. Ke4 f5+ 22. Ke5 Ne7 23. Kxe6 Re8 24. Rxa4 g6 25. h3 Rad8 26. Rxa7
Nd5+ 27. Re7 Rxe7# {White checkmated} 0-1

[Event "Team 45 45 League T52"]
[Site "Internet Chess Club"]
[Date "2012.03.04"]
[Round "3"]
[White "adamredsox"]
[Black "Mymas"]
[Result "0-1"]
[WhiteElo "1611"]
[BlackElo "1600"]
[Opening "Sicilian: dragon, Yugoslav attack, Rauser variation"]
[ECO "B76"]
[Time "20:00:19"]
[TimeControl "2700+45"]

1. e4 c5 2. Nf3 d6 3. d4 cxd4 4. Nxd4 Nf6 5. Nc3 g6 6. Be3 Bg7 7. f3 O-O 8. Qd2
Nc6 9. O-O-O Bd7 10. g4 Nxd4 11. Bxd4 Be6 12. h4 h5 13. gxh5 Nxh5 14. Bxg7 Kxg7
15. Rg1 Qb6 16. Rg5 Rh8 17. Rb5 Qc7 18. Nd5 Bxd5 19. exd5 Nf6 20. Qd4 Rh5 21.
Bh3 a6 22. Bg4 axb5 23. Bxh5 gxh5 24. Rg1+ Kf8 25. Qf4 Rxa2 26. Qh6+ Ke8 27.
Qh8+ Kd7 28. Rg7 Ra1+ 29. Kd2 Qc4 30. c3 Qxd5+ 31. Ke3 Re1+ 32. Kf2 Qd2+ 33. Kg3
Rg1+ 34. Kh3 Rh1+ {White resigns} 0-1

[Event "Team 45 45 League T52"]
[Site "Internet Chess Club"]
[Date "2012.03.02"]
[Round "3"]
[White "ausya"]
[Black "Kingofknights"]
[Result "0-1"]
[WhiteElo "1584"]
[BlackElo "1626"]
[Opening "Caro-Kann: Panov-Botvinnik attack"]
[ECO "B13"]
[Time "19:00:37"]
[TimeControl "2700+45"]

1. e4 c6 2. d4 d5 3. exd5 cxd5 4. c4 Nf6 5. Nf3 dxc4 6. Bxc4 e6 7. O-O Be7 8.
Nc3 Nd5 9. Re1 O-O 10. Qe2 Nc6 11. Be3 Bb4 12. Rac1 b6 13. Bb5 Bb7 14. Bg5 Nce7
15. a3 Nxc3 16. bxc3 Bxa3 17. Rcd1 Qc7 18. c4 h6 19. Bh4 Nf5 20. Bg3 Nxg3 21.
hxg3 Bb4 22. Rf1 a6 23. Ba4 Rfc8 24. Bb3 a5 25. Kh2 a4 26. Ba2 a3 27. Rh1 Ba6
28. Rc1 Qd6 29. Kg1 Rc7 30. Qe3 Bxc4 31. Rxc4 Rxc4 32. Bxc4 a2 33. Bxa2 Rxa2 34.
Rh4 Ra3 35. Qc1 Rc3 36. Qb2 Ba5 37. Kh2 Qd5 38. Qe2 f5 39. Qe5 Qxe5 40. dxe5 Rd3
41. Rd4 Rxd4 42. Nxd4 Bc3 43. Nxe6 Bxe5 44. Kg1 Kf7 45. Nd8+ Ke7 46. Nc6+ Kd6
47. Nb4 Bc3 48. Nd3 b5 49. Kf1 b4 50. Ke2 Kd5 51. Nxb4+ Bxb4 52. Kf3 Ke5 53. g4
f4 54. g3 fxg3 55. Kxg3 g5 56. Kf3 Bc5 57. Kg3 Ke4 58. f3+ Ke3 59. Kg2 Kf4 60.
Kh2 Kxf3 61. Kh3 Kf4 62. Kh2 Kxg4 63. Kg2 h5 64. Kh2 Kf3 65. Kh1 g4 66. Kh2 g3+
67. Kh3 g2 68. Kh4 g1=Q 69. Kxh5 Qg7 {White resigns} 0-1

[Event "Team 45 45 League T52"]
[Site "Internet Chess Club"]
[Date "2012.03.04"]
[Round "3"]
[White "surinder"]
[Black "trifire"]
[Result "1-0"]
[WhiteElo "1688"]
[BlackElo "1413"]
[Opening "Sicilian: closed"]
[ECO "B23"]
[Time "11:01:59"]
[TimeControl "2700+45"]

1. e4 c5 2. Nc3 d6 3. f4 Nf6 4. Nf3 g6 5. Bc4 Bg7 6. d3 O-O 7. O-O Bg4 8. Qe1
Nc6 9. a3 Nd7 10. Qg3 Bxf3 11. Qxf3 Nb6 12. Ba2 Nd4 13. Qd1 Qd7 14. Ne2 Rac8 15.
Ng3 c4 16. c3 Nc6 17. d4 e6 18. Bd2 Ne7 19. h4 Na4 20. Rb1 Rc6 21. Qxa4 Qc7 22.
Qd1 Qb6 23. h5 e5 24. fxe5 dxe5 25. Be3 exd4 26. Bxd4 Qc7 27. Bxg7 Kxg7 28. Qd4+
Kg8 29. h6 f6 30. Qxa7 Qxg3 31. Qxb7 Qe3+ 32. Rf2 Qxe4 33. Rbf1 Qe3 34. a4 Rfc8
35. a5 Kf8 36. a6 Rb6 37. Qa7 Qc5 38. Re1 Rc7 39. Qa8+ Rc8 40. Qe4 Rxa6 41. Bxc4
Ra4 42. b3 Ra2 43. Qf3 Nf5 44. Rf1 Qb6 45. Qf4 Rd8 46. g4 Rxf2 47. Rxf2 Rd1+ 48.
Kh2 Nh4 49. Qxf6+ Qxf6 50. Rxf6+ Ke7 51. Rf7+ Ke8 52. Rxh7 Nf3+ 53. Kg2 Ng5 54.
Rh8+ Ke7 55. Rg8 Kf6 56. Rf8+ Ke7 57. Ra8 Rd2+ 58. Kg3 Kf6 59. Ra6+ Ke7 60. Rxg6
{Black resigns} 1-0

[Event "Team 45 45 League T52"]
[Site "Internet Chess Club"]
[Date "2012.03.03"]
[Round "3"]
[White "iceface"]
[Black "medsurg"]
[Result "1-0"]
[WhiteElo "1565"]
[BlackElo "1364"]
[Opening "Sicilian: Grand Prix attack"]
[ECO "B23"]
[Time "19:00:27"]
[TimeControl "2700+45"]

1. e4 c5 2. Nc3 Nc6 3. f4 e6 4. Bc4 Nf6 5. d3 a6 6. a3 d5 7. exd5 exd5 8. Ba2
Be7 9. Nf3 Bg4 10. h3 Bxf3 11. Qxf3 Nd4 12. Qd1 O-O 13. O-O Rc8 14. Ne2 Nf5 15.
Qe1 c4 16. dxc4 Bc5+ 17. Kh2 Ne3 18. Bxe3 Bxe3 19. Qg3 Qb6 20. Rab1 Ne4 21. Qf3
Nd2 22. Qg3 d4 23. Rfd1 Nxb1 24. Rxb1 Rc6 25. Bb3 Rg6 26. Qf3 Re8 27. Rd1 Rf6
28. Qg4 Qc7 29. Rf1 Re4 30. g3 g6 31. Rd1 h5 32. Qf3 Qe7 33. c5 Bxf4 34. Nxf4
Kg7 35. Qd3 Rfxf4 36. gxf4 f5 37. Rf1 Qh4 38. Qf3 Re3 39. Qxb7+ Kh6 40. Qg2 Kg7
41. c6 Qe7 42. Kh1 h4 43. Kh2 Rg3 44. Qf2 Qd6 45. Re1 Qxc6 46. Qxd4+ Kh6 47.
Qh8# {Black checkmated} 1-0

[Event "Team 45 45 League T52"]
[Site "Internet Chess Club"]
[Date "2012.03.04"]
[Round "3"]
[White "Portola"]
[Black "IceBox"]
[Result "0-1"]
[WhiteElo "1749"]
[BlackElo "1871"]
[Opening "Queen's pawn game"]
[ECO "A46"]
[Time "16:00:15"]
[TimeControl "2700+45"]

1. d4 Nf6 2. Nf3 e6 3. Bf4 c5 4. c3 Nc6 5. e3 d5 6. Bd3 Bd6 7. Bg3 Qc7 8. dxc5
Bxg3 9. hxg3 e5 10. Be2 O-O 11. Nbd2 Ne7 12. Nb3 Bf5 13. Nh4 Be6 14. Qc2 a5 15.
a4 e4 16. g4 Bxg4 17. g3 Bxe2 18. Qxe2 Rfc8 19. g4 Qd7 20. g5 Ng4 21. O-O Ne5
22. f4 Nd3 23. f5 Rc6 24. Qg2 g6 25. Nd4 Rxc5 26. fxg6 hxg6 27. Rf6 Ne5 28. Raf1
Re8 29. Qg3 N7c6 30. Nb5 Re6 31. Rxe6 Qxe6 32. Rf4 Ne7 33. Nd4 Qd7 34. Ng2 Qd6
35. Qh3 Nd3 36. Rh4 Qe5 37. Qg4 Nf5 38. Rh3 Nxb2 39. Nb5 Nxa4 40. Nf4 Rxb5 41.
Nh5 gxh5 42. Qxh5 Qg7 43. Qg4 Ne7 44. Rh5 Nxc3 45. Qd7 Qf8 46. Qh3 Ng6 47. Rh7
a4 48. Rh6 a3 49. Qf5 Qg7 50. Qc8+ Nf8 51. g6 a2 52. Qh3 a1=Q+ {White resigns}
0-1

[Event "Team 45 45 League T52"]
[Site "Internet Chess Club"]
[Date "2012.03.02"]
[Round "3"]
[White "calily"]
[Black "rubo"]
[Result "1/2-1/2"]
[WhiteElo "1706"]
[BlackElo "1619"]
[Opening "Réti: King's Indian attack"]
[ECO "A05"]
[Time "15:16:10"]
[TimeControl "2700+45"]

1. Nf3 Nf6 2. g3 g6 3. Bg2 Bg7 4. d4 c5 5. e3 O-O 6. O-O cxd4 7. Nxd4 d6 8. c4
Nc6 9. Nxc6 bxc6 10. Bxc6 Rb8 11. Bf3 Qc7 12. Qc2 Bh3 13. Rd1 Rfc8 14. b3 Ng4
15. Bb2 Bxb2 16. Qxb2 Qxc4 17. Nd2 Qc2 18. Qd4 Ne5 19. Be4 Qc5 20. Qxc5 Rxc5 21.
Nf3 Bg4 22. Kg2 Bxf3+ 23. Bxf3 Nxf3 24. Kxf3 Rc2 25. Rd5 Rbc8 26. Ra5 R8c7 27.
Rd1 Rb2 28. Rd4 f5 29. Rc4 Rb7 30. Rca4 Rc7 31. Rc4 Rb7 32. Ra6 Kf7 33. e4 fxe4+
34. Rxe4 Rc7 35. Rc4 Rd7 36. Rca4 Rc7 37. Rxa7 Rcc2 38. Rf4+ Ke6 39. Re4+ Kf6
40. Rf4+ Ke6 41. Ke3 Re2+ 42. Kd3 Rbd2+ 43. Kc3 Rxa2 44. Rxa2 Rxa2 45. b4 g5 46.
Rf8 Kd5 47. Rf5+ e5 48. Rxg5 Rxf2 49. Rh5 Rf7 50. Rh4 Rf3+ 51. Kb2 Rf7 52. Kc3
{Game drawn by mutual agreement} 1/2-1/2

[Event "Team 45 45 League T52"]
[Site "Internet Chess Club"]
[Date "2012.03.06"]
[Round "3"]
[White "GrandUnified"]
[Black "Andressa"]
[Result "1-0"]
[WhiteElo "1624"]
[BlackElo "1409"]
[Opening "English: Sicilian reversed"]
[ECO "A25"]
[Time "22:03:22"]
[TimeControl "2700+45"]

1. c4 e5 2. Nc3 Nc6 3. g3 Nf6 4. Bg2 Bc5 5. e3 O-O 6. Nge2 a6 7. O-O d6 8. d3
Bf5 9. a3 Rb8 10. b4 Ba7 11. d4 exd4 12. exd4 Ne7 13. d5 c6 14. Nd4 c5 15. Nxf5
Nxf5 16. Ne4 Nxe4 17. Bxe4 Ne7 18. Qh5 g6 19. Qh6 f5 20. Bb2 Rf7 21. Bd3 cxb4
22. axb4 Qf8 23. Qf4 Rd8 24. b5 Bc5 25. bxa6 bxa6 26. Rxa6 Nc8 27. Ra8 Rb7 28.
Ba3 Rb3 29. Bxc5 dxc5 30. Rd1 Qf6 31. Qc7 Qf8 32. Bf1 Rb4 33. d6 {Black resigns}
1-0

[Event "Team 45 45 League T52"]
[Site "Internet Chess Club"]
[Date "2012.03.03"]
[Round "3"]
[White "kabubi"]
[Black "g8wrb"]
[Result "1/2-1/2"]
[WhiteElo "1146"]
[BlackElo "1376"]
[Opening "Nimzo-Indian: three knights variation"]
[ECO "E21"]
[Time "07:30:51"]
[TimeControl "2700+45"]

1. d4 e6 2. Nf3 Nf6 3. c4 Bb4+ 4. Nc3 O-O 5. Bg5 h6 6. Bxf6 Qxf6 7. e4 c5 8. Be2
cxd4 9. Nxd4 e5 10. Nb5 Nc6 11. Nc7 Rb8 12. Nd5 Bxc3+ 13. Nxc3 d6 14. O-O Nd4
15. Nd5 Qg5 16. Re1 Bh3 17. Ne3 Rbc8 18. Kh1 Be6 19. Rc1 Rc7 20. Qa4 b5 21. Qb4
Nxe2 22. Rxe2 Bxc4 23. Qxd6 Bd3 24. Qxc7 Bxe2 25. Rc5 Rd8 26. Nd5 Bf3 27. gxf3
Rxd5 28. exd5 Qf4 29. Kg2 Qg5+ 30. Kf1 Qf5 31. d6 Qd3+ 32. Kg2 Qg6+ 33. Kh3 Qf5+
34. Kh4 g5+ 35. Kg3 h5 36. Kg2 g4 37. fxg4 Qxg4+ 38. Kf1 Qd1+ 39. Kg2 Qg4+ {Game
drawn by mutual agreement} 1/2-1/2

[Event "Team 45 45 League T52"]
[Site "Internet Chess Club"]
[Date "2012.03.04"]
[Round "3"]
[White "saychess"]
[Black "PandorasBox"]
[Result "1-0"]
[WhiteElo "2049"]
[BlackElo "1904"]
[Opening "French: King's Indian attack"]
[ECO "C00"]
[Time "17:02:26"]
[TimeControl "2700+45"]

1. e4 e6 2. d3 b6 3. g3 Bb7 4. Bg2 g6 5. Bd2 Bg7 6. Bc3 e5 7. f4 d6 8. Nf3 Nd7
9. Nbd2 Ne7 10. fxe5 Nxe5 11. d4 Nxf3+ 12. Qxf3 O-O 13. O-O-O a5 14. h4 f5 15.
h5 g5 16. h6 Bf6 17. Qe2 Ba6 18. Qh5 Qe8 19. e5 dxe5 20. dxe5 Qxh5 21. Rxh5 Be2
22. exf6 Bxh5 23. fxe7 Rfe8 24. Bd5+ Bf7 25. Bxa8 Rxa8 26. Nf3 Re8 27. Rd8 g4
28. Nh4 f4 29. gxf4 g3 30. f5 Bh5 31. Be5 Kf7 32. Rxe8 Kxe8 33. f6 {Black
resigns} 1-0

[Event "Team 45 45 League T52"]
[Site "Internet Chess Club"]
[Date "2012.03.03"]
[Round "3"]
[White "Deckfuel"]
[Black "playwaycool"]
[Result "1/2-1/2"]
[WhiteElo "1931"]
[BlackElo "2090"]
[Opening "Ruy Lopez: closed, Keres (...Nd7) defense"]
[ECO "C96"]
[Time "16:12:18"]
[TimeControl "2700+45"]

1. e4 e5 2. Nf3 Nc6 3. Bb5 a6 4. Ba4 Nf6 5. O-O Be7 6. Re1 b5 7. Bb3 d6 8. h3
O-O 9. c3 Na5 10. Bc2 c5 11. d4 Nd7 12. Nbd2 exd4 13. cxd4 Nc6 14. d5 Nce5 15.
Nxe5 Nxe5 16. f4 Ng6 17. Nf3 Bh4 18. Rf1 Bg3 19. f5 Ne5 20. Nxe5 Bxe5 21. Qg4 f6
22. Rb1 Kh8 23. Qh5 Qe8 24. Qxe8 Rxe8 25. g4 Bd7 26. b3 a5 27. Bb2 Bxb2 28. Rxb2
b4 29. Bd3 Rab8 30. Kf2 Bb5 31. Bxb5 Rxb5 32. Kf3 a4 33. Rc1 axb3 34. axb3 Ra8
35. h4 Ra3 36. g5 Rba5 37. gxf6 gxf6 38. Rg1 Ra1 39. Rgg2 Ra8 40. Ke3 Rg8 41.
Rxg8+ Kxg8 42. Rg2+ Kf8 43. Kd3 Rc1 44. Rc2 Rh1 45. Kc4 Rxh4 46. Kb5 Rxe4 47.
Kc6 Ke7 48. Rh2 c4 49. Rxh7+ Kf8 50. bxc4 Rxc4+ {Game drawn by mutual agreement}
1/2-1/2

[Event "Team 45 45 League T52"]
[Site "Internet Chess Club"]
[Date "2012.03.04"]
[Round "3"]
[White "AntMantis"]
[Black "zachi"]
[Result "1-0"]
[WhiteElo "2098"]
[BlackElo "1935"]
[Opening "QGD: Orthodox defense, Botvinnik variation"]
[ECO "D60"]
[Time "11:00:37"]
[TimeControl "2700+45"]

1. d4 d5 2. c4 e6 3. Nf3 Nf6 4. Bg5 Be7 5. e3 Nbd7 6. Nc3 O-O 7. Bd3 dxc4 8.
Bxc4 a6 9. a4 c5 10. O-O b6 11. d5 exd5 12. Nxd5 Nxd5 13. Bxd5 Rb8 14. Bf4 Bf6
15. Qd2 Qe7 16. Bd6 Qe8 17. e4 Bb7 18. Bxf8 Kxf8 19. Bxb7 Rxb7 20. Qd5 Rb8 21.
Rab1 Ne5 22. Nxe5 Qxe5 23. Rfd1 b5 24. Qc6 Qe6 25. Qxc5+ {Black resigns} 1-0

[Event "Team 45 45 League T52"]
[Site "Internet Chess Club"]
[Date "2012.03.04"]
[Round "3"]
[White "alexdb"]
[Black "ChessicalZ"]
[Result "1-0"]
[WhiteElo "1900"]
[BlackElo "1831"]
[Opening "Caro-Kann: closed (Breyer) variation"]
[ECO "B10"]
[Time "12:28:03"]
[TimeControl "2700+45"]

1. e4 c6 2. d3 d5 3. Nd2 e5 4. Ngf3 Bd6 5. g3 Nf6 6. Bg2 O-O 7. Qe2 Na6 8. Nb3
h6 9. h3 Re8 10. g4 dxe4 11. dxe4 Be6 12. g5 hxg5 13. Bxg5 Bxb3 14. axb3 Nc5 15.
Nh4 Ne6 16. Bxf6 Qxf6 17. Nf5 Bc5 18. Qg4 Nd4 19. Nxd4 Bxd4 20. O-O-O Rad8 21.
Rhf1 Bxf2 22. Kb1 Rxd1+ 23. Qxd1 Qh4 24. Qf3 Qg3 25. Rxf2 Qxf3 26. Bxf3 Rd8 27.
c3 g5 28. Kc2 Kg7 29. Rd2 Rxd2+ 30. Kxd2 Kf6 31. Bg4 Ke7 32. b4 b6 33. Bc8 Kd8
34. Bb7 Kc7 35. Ba8 Kd6 36. c4 Kc7 37. Kc3 a6 38. Kd3 Kd6 39. Bb7 a5 40. c5+ Kc7
41. bxa5 bxa5 42. Ba8 Kd7 43. Ke3 f6 44. Kf3 {Black resigns} 1-0

[Event "Team 45 45 League T52"]
[Site "Internet Chess Club"]
[Date "2012.03.04"]
[Round "3"]
[White "Pomberito"]
[Black "Ptzz"]
[Result "0-1"]
[WhiteElo "2083"]
[BlackElo "2090"]
[Opening "Sicilian: Hungarian variation"]
[ECO "B27"]
[Time "12:30:29"]
[TimeControl "2700+45"]

1. e4 c5 2. Nf3 g6 3. g3 Bg7 4. Bg2 Nc6 5. O-O d6 6. c3 e5 7. d3 Nge7 8. Re1 O-O
9. Na3 h6 10. Nc2 Bd7 11. d4 cxd4 12. cxd4 Bg4 13. d5 Nb8 14. Ne3 Bxf3 15. Bxf3
f5 16. Qb3 Nd7 17. exf5 Nc5 18. Qa3 gxf5 19. Bg2 e4 20. Rd1 Nd3 21. Rxd3 exd3
22. Qxd3 Rc8 23. Bd2 f4 24. Nc4 fxg3 25. hxg3 Qd7 26. Re1 Qf5 27. Qxf5 Nxf5 28.
b3 b5 29. Na5 Rc2 30. Bf4 Bc3 31. Re6 Bxa5 32. Be4 Rxa2 33. Rg6+ Kh7 34. Rxd6
Kg7 35. Ra6 Ra1+ 36. Kh2 Bc3 37. Rc6 b4 38. g4 Ne7 39. Bxh6+ Kf7 40. Re6 Rh8 41.
Kg2 Rd1 42. Ra6 Nxd5 43. Rxa7+ Ke6 44. Bf3 Ra1 45. Rxa1 Bxa1 46. g5 Rg8 47. Kh3
Bg7 48. Kh4 Bxh6 49. gxh6 Nf6 50. Be2 Kf5 51. Bd3+ Kf4 {White resigns} 0-1

[Event "Team 45 45 League T52"]
[Site "Internet Chess Club"]
[Date "2012.03.03"]
[Round "3"]
[White "Jack-ONeill"]
[Black "Dreamshell"]
[Result "1-0"]
[WhiteElo "2059"]
[BlackElo "2026"]
[Opening "Trompowsky attack (Ruth, Opocenský opening)"]
[ECO "A45"]
[Time "15:03:11"]
[TimeControl "2700+45"]

1. d4 Nf6 2. Bg5 Ne4 3. Bf4 d5 4. f3 Nf6 5. e4 e6 6. e5 Nfd7 7. Be3 c5 8. c3 Nc6
9. f4 Qb6 10. Qd2 Qa5 11. dxc5 Bxc5 12. Nf3 Bxe3 13. Qxe3 Qb6 14. Qxb6 Nxb6 15.
Na3 Bd7 16. Nb5 Ke7 17. Bd3 Na5 18. Nd6 Nac4 19. Bxc4 Nxc4 20. Nxc4 dxc4 21. Nd4
Bc6 22. Nxc6+ bxc6 23. O-O-O c5 24. Rd6 Rhd8 25. Rhd1 Rac8 26. Ra6 Rc7 27. Rxd8
Kxd8 28. Ra4 Kd7 29. Rxc4 f6 30. exf6 gxf6 31. b4 Kd6 32. Rxc5 Rg7 33. g3 e5 34.
fxe5+ fxe5 35. Kd2 h5 36. Rc4 Rf7 37. Ke2 Rf5 38. Rh4 Rg5 39. Ke3 Rf5 40. a4 Kd5
41. c4+ Kc6 42. a5 Kd6 43. Ke4 Rg5 44. g4 hxg4 45. Rh7 g3 46. hxg3 Rg4+ 47. Kd3
Rxg3+ 48. Kc2 Rg2+ 49. Kb3 Rg3+ 50. Ka4 e4 51. Rxa7 e3 52. Rh7 e2 53. Rh1 Re3
54. Re1 Re5 55. Kb3 Kc6 56. Kc3 Re3+ 57. Kd4 Re8 58. Kd3 Rb8 59. b5+ {Black
resigns} 1-0

[Event "Team 45 45 League T52"]
[Site "Internet Chess Club"]
[Date "2012.03.04"]
[Round "3"]
[White "mcplayerus"]
[Black "Despair"]
[Result "1/2-1/2"]
[WhiteElo "2086"]
[BlackElo "1999"]
[Opening "Queen's Indian defense"]
[ECO "A47"]
[Time "08:00:27"]
[TimeControl "2700+45"]

1. Nf3 Nf6 2. d4 b6 3. g3 Bb7 4. Bg2 d6 5. O-O g6 6. c4 Bg7 7. Nc3 O-O 8. Qc2
Nbd7 9. Rd1 c5 10. d5 a6 11. a4 Qc7 12. h3 e6 13. dxe6 fxe6 14. Ng5 Bxg2 15.
Kxg2 Qc6+ 16. Kg1 d5 17. a5 dxc4 18. axb6 Nxb6 19. Na4 Nfd5 20. Nxb6 Nxb6 21.
Qe4 Qxe4 22. Nxe4 Nd5 23. Ra5 c3 24. bxc3 Nxc3 25. Nxc3 Bxc3 26. Rxc5 Rfc8 27.
Rxc8+ Rxc8 28. Ba3 a5 29. Rc1 Rc7 30. Bd6 Rd7 31. Rxc3 Rxd6 32. Rc8+ Kg7 33. Ra8
Rd1+ 34. Kg2 Rd5 35. Kf3 Kf6 36. Ra7 h6 37. h4 Rb5 38. e3 h5 39. Ra8 Kf5 40. Kg2
Ke4 41. Ra6 Kf5 42. Kf3 Ke5 43. Ke2 Rb2+ 44. Kd3 Rxf2 45. Rxa5+ Kf6 46. Ke4 Rg2
47. Kf3 Rc2 48. e4 Rc1 49. Rg5 e5 {Game drawn by mutual agreement} 1/2-1/2